 Dungeon Crawl Stone Soup version 0.29.0-7-g18a832c13a (webtiles) character file.

Game seed: 1173256244799998739

59 ImASeal the Sneak (level 4, -2/27 HPs)
             Began as a Kobold Brigand on Aug 29, 2022.
             Slain by Terence
             ... wielding a +0 mace
              (6 damage)
             ... on level 2 of the Dungeon.
             The game lasted 00:04:01 (1403 turns).

ImASeal the Sneak (Kobold Brigand)                  Turns: 1403, Time: 00:04:01

Health: -2/27      AC:  3    Str:  8    XL:     4   Next: 22%
Magic:  4/4        EV: 14    Int: 12    God:
Gold:   54         SH:  0    Dex: 18    Spells: 3/3 levels left

rFire   . . .      SeeInvis .   a - +2 dagger
rCold   . . .      Faith    .   (no shield)
rNeg    . . .      Spirit   .   b - +0 robe
rPois   .          Reflect  .   (no helmet)
rElec   .          Harm     .   c - +0 cloak
rCorr   .          Rampage  .   (no gloves)
Will    .....                   (no boots)
Stlth   +++++.....              (no amulet)
HPRegen 0.09/turn               (no ring)
MPRegen 0.09/turn               (no ring)

@: no status effects
A: small, no large weapons, nightstalker 3
a: no special abilities


You were on level 2 of the Dungeon.
You visited 1 branch of the dungeon, and saw 2 of its levels.

You collected 54 gold pieces.

Inventory:

Hand Weapons
 a - a +2 dagger (weapon)
Missiles
 d - 9 poisoned darts (quivered)
 e - 3 curare-tipped darts
Armour
 b - a +0 robe (worn)
 c - a +0 cloak (worn)
Jewellery
 q - a ring of resist corrosion
Scrolls
 g - 4 scrolls of teleportation {unknown}
 i - a scroll of noise {unknown}
 j - a scroll of amnesia {unknown}
 l - a scroll of poison {unknown}
 n - a scroll of identify {unknown}
 o - a scroll of butterflies {unknown}
Potions
 f - a potion of lignification {unknown}
 h - 2 potions of curing {unknown}
 k - a potion of cancellation {unknown}
 m - a potion of heal wounds {unknown}
 p - a potion of invisibility {unknown}
 r - a potion of magic {unknown}


   Skills:
 + Level 2.4 Fighting
 + Level 3.2 Short Blades
 + Level 2.2 Throwing
 + Level 1.5 Dodging
 + Level 7.0 Stealth


You had 3 spell levels left.
You didn't know any spells.
Your spell library was empty.

Dungeon Overview and Level Annotations

Branches:
Dungeon (2/15)

Altars:

Shops:
D:1 ?[

Annotations:
D:2 Terence


Innate Abilities, Weirdness & Mutations

You are small and have problems with some larger weapons.
You are completely attuned to the shadows.


Message History

No target in view!
You open the door.
There is an open door here.
You open the door.
There is an open door here.
You open the door.
A rat comes into view.
There is an open door here.
You hit the rat.
The rat is heavily wounded.
The rat barely misses you.
You hit the rat.
You kill the rat!
You open the door.
Terence the Incautious comes into view.
He is wielding a +0 mace.
Terence shouts!
Terence barely misses you.
You hit Terence but do no damage. Terence hits you with a +0 mace.
You hit Terence but do no damage. Terence barely misses you.
You hit Terence.
Terence is lightly wounded.
Terence hits you but does no damage.
You hit Terence but do no damage.
Terence is lightly wounded.
Terence barely misses you.
You hit Terence but do no damage.
Terence is lightly wounded.
You hit Terence.
Terence is moderately wounded.
Terence hits you with a +0 mace.
You hit Terence but do no damage.
Terence is moderately wounded.
Terence hits you with a +0 mace!
You are too injured to fight recklessly!
You are too injured to fight recklessly!
Terence misses you. Terence attacks as you move away!
Terence hits you with a +0 mace.
* * * LOW HITPOINT WARNING * * *
Terence hits you with a +0 mace.
You die...

.##.###.########.##.....
..#..#.. .##.# #.#
###........ ........
.##.# #.# #(..###.#..
#......# .##.# ###
#.#.###...# >...<...
###.###
#####.#.....######..#...
......# ......#####..
......... ....#.#
#####'#### .##.#...
......# ........# #.#...
####### ......@.#####
#....( .......@.....
.##.##.. ####'###.....
......... #.# #.....
..##.##.. ### #..... .
#..... ...... ..##..
....... ... .. ........


You could see Terence.

Vanquished Creatures
  2 adders (D:2)
  A worm (D:2)
  6 ball pythons
  2 bats (D:1)
  2 endoplasms (D:1)
  6 giant cockroaches
  2 goblins (D:1)
  4 hobgoblins
  2 jackals (D:1)
  3 quokkas
  A frilled lizard (D:2)
  2 kobolds (D:2)
  A rat (D:2)
34 creatures vanquished.

Notes
Turn   | Place    | Note
-------+----------+-------------------------------------------
     0 | D:1      | ImASeal the Kobold Brigand began the quest for the Orb.
     0 | D:1      | Reached XP level 1. HP: 12/12 MP: 1/1
    92 | D:1      | Reached XP level 2. HP: 9/17 MP: 2/2
   255 | D:1      | Found Vois's Antique Armour Emporium.
   370 | D:1      | Found Jageusom's Magic Scroll Shoppe.
   434 | D:1      | Reached skill level 6 in Stealth
   613 | D:1      | Reached XP level 3. HP: 22/22 MP: 3/3
   878 | D:2      | Found a faded altar of an unknown god.
  1043 | D:2      | Reached XP level 4. HP: 27/27 MP: 4/4
  1132 | D:2      | Reached skill level 7 in Stealth
  1389 | D:2      | Noticed Terence
  1403 | D:2      | Slain by Terence

Illustrated notes

Levels and vault maps discovered:
D:1:      sevenhm_arrival_forest_fort_small_5, layout_basic, serial_shops, shop,
          shop
D:2:      layout_basic, shapermc_ecumenical_altar_mp_highgroup, uniq_sigmund,
          uniq_terence

Skill      XL: |  1  2  3  4 |
---------------+-------------+-----
Stealth        | 6 7 |  7.0
Short Blades   | 3 |  3.2
Fighting       | |  2.4
Throwing       | |  2.2
Dodging        | |  1.5

Action                   |  1- 3 |  4- 6 || total
-------------------------+-------+-------++-------
Melee: Dagger            |    67 |    21 ||    88
 Stab: Sleeping          |    12 |     4 ||    16
Armor: Robe              |    16 |     1 ||    17
Dodge: Dodged            |    50 |    10 ||    60
